APL (24 & UNDER)
ATHENS ASSASSINS @ MONTGOMERY GREY SOX
04/05/2030
 
TOP OF THE 1ST
Athens Assassins batting - Pitching for Montgomery Grey Sox : LHP Jared Steele
Pitching: LHP Jared Steele
Batting: RHB Júlio Castillo 0-0: Called Strike
0-1: Ball
1-1: Ball
2-1: Ground out 5-3 (Groundball, 56S)
Batting: RHB Jorge Loanos 0-0: Foul Ball, location: 2F
0-1: Ball
1-1: SINGLE (Groundball, 15S) (infield hit)
Batting: SHB Chris Barrett 0-0: Called Strike
0-1: Ball
1-1: Fielders Choice at 2nd, 4-6 (Groundball, 34)
Batting: RHB Maximino Abbado 0-0: Called Strike
0-1: Fly out, F8 (Flyball, 8LD)
Top of the 1st over - 0 runs, 1 hit, 0 errors, 1 left on base; Athens 0 - Montgomery 0
BOTTOM OF THE 1ST
Montgomery Grey Sox batting - Pitching for Athens Assassins : RHP José López
Pitching: RHP José López
Batting: RHB Julius Farmer 0-0: Reached on error, E3 (Groundball, 34S)
Batting: RHB Randall James 0-0: Fly out, F9 (Flyball, 9S)
Batting: RHB Pedro Castro 0-0: Ball
Wild Pitch!
Julius Farmer to third
1-0: Ball
2-0: Foul Ball, location: 2F
2-1: Foul Ball, location: 2F
2-2: Strikes out swinging
Batting: LHB Aaron Thompson 0-0: Ball
1-0: Foul Ball, location: 2F
1-1: Swinging Strike
1-2: Ground out 6-3 (Groundball, 6)
Bottom of the 1st over - 0 runs, 0 hits, 1 error, 1 left on base; Athens 0 - Montgomery 0
TOP OF THE 2ND
Athens Assassins batting - Pitching for Montgomery Grey Sox : LHP Jared Steele
Batting: RHB Jonathon García 0-0: Swinging Strike
0-1: Swinging Strike
0-2: Ball
1-2: Ground out U3 (Groundball, 34)
Batting: RHB Justin Tomlinson 0-0: Ball
1-0: Ball
2-0: Ball
3-0: Base on Balls
Batting: RHB Britt Short 0-0: Grounds into double play, 5-4-3 (Groundball, 5)
Top of the 2nd over - 0 runs, 0 hits, 0 errors, 0 left on base; Athens 0 - Montgomery 0
BOTTOM OF THE 2ND
Montgomery Grey Sox batting - Pitching for Athens Assassins : RHP José López
Batting: RHB Bobby Hulsey 0-0: Fly out, F6 (Flyball, 6MD)
Batting: RHB Luis Pineda 0-0: Called Strike
0-1: Ball
1-1: Ball
2-1: Bunted foul
2-2: Foul Ball, location: 2F
2-2: Ball
3-2: Reached via error on a dropped throw, E1
Batting: SHB Rob Lowe 0-0: Ball
1-0: Called Strike
1-1: Ball
2-1: DOUBLE (Line Drive, 78D)
Luis Pineda to third
Batting: SHB Cisco Oliva 0-0: Ball
1-0: SINGLE (Line Drive, 89S)
Luis Pineda scores
Rob Lowe to third
Batting: RHB Arturo Camacho 0-0: Ball
1-0: Foul Ball, location: 2F
1-1: Ball
2-1: Foul Ball, location: 2F
2-2: Strikes out swinging
Batting: RHB Julius Farmer 0-0: Called Strike
0-1: Ball
1-1: SINGLE (Line Drive, 4D)
Rob Lowe scores
Cisco Oliva to second
Batting: RHB Randall James 0-0: Called Strike
0-1: Ball
1-1: Ball
2-1: Foul Ball, location: 2F
2-2: Ground out 5-3 (Groundball, 56S)
Bottom of the 2nd over - 2 runs, 3 hits, 1 error, 2 left on base; Athens 0 - Montgomery 2
TOP OF THE 3RD
Athens Assassins batting - Pitching for Montgomery Grey Sox : LHP Jared Steele
Batting: RHB Gustavo Todd 0-0: Called Strike
0-1: Ball
1-1: SINGLE (Flyball, 78S)
Batting: RHB Alfonso Flores 0-0: Called Strike
0-1: DOUBLE (Flyball, 89D)
Gustavo Todd to third
Batting: RHB Júlio Castillo 0-0: Called Strike
0-1: Ball
Wild Pitch!
Gustavo Todd scores
Alfonso Flores to third
1-1: Called Strike
1-2: Ball
2-2: Ball
3-2: Base on Balls
Batting: RHB Jorge Loanos 0-0: Ball
1-0: Ball
2-0: Ball
3-0: Called Strike
3-1: Foul Ball, location: 2F
3-2: Foul Ball, location: 2F
3-2: SINGLE (Flyball, 8LS)
Alfonso Flores scores
Júlio Castillo to second
Batting: SHB Chris Barrett 0-0: Ball
1-0: Ball
2-0: Called Strike
2-1: Called Strike
2-2: Foul Ball, location: 2F
2-2: SINGLE (Groundball, 34D)
Júlio Castillo to third
Jorge Loanos to second
Batting: RHB Maximino Abbado 0-0: Called Strike
0-1: Ball
1-1: Fly out, F4 (Line Drive, 4)
Lined into DP, 4-6 (Line Drive, 4)
Batting: RHB Jonathon García 0-0: Ball
1-0: Ball
Pickoff Throw by Catcher to First - Out!
Top of the 3rd over - 2 runs, 4 hits, 0 errors, 1 left on base; Athens 2 - Montgomery 2
BOTTOM OF THE 3RD
Montgomery Grey Sox batting - Pitching for Athens Assassins : RHP José López
Batting: RHB Pedro Castro 0-0: Ball
1-0: Called Strike
1-1: Foul Ball, location: 2F
1-2: Strikes out looking
Batting: LHB Aaron Thompson 0-0: SINGLE (Groundball, 56D)
Batting: RHB Bobby Hulsey 0-0: Ball
1-0: Called Strike
1-1: Swinging Strike
1-2: Foul Ball, location: 2F
1-2: Foul Ball, location: 2F
1-2: Fly out, F5 (Popup, 25F)
Batting: RHB Luis Pineda 0-0: Foul Ball, location: 2F
0-1: Ball
1-1: Called Strike
1-2: Foul Ball, location: 2F
1-2: Ground out 5-3 (Groundball, 56S)
Bottom of the 3rd over - 0 runs, 1 hit, 0 errors, 1 left on base; Athens 2 - Montgomery 2
TOP OF THE 4TH
Athens Assassins batting - Pitching for Montgomery Grey Sox : LHP Jared Steele
Batting: RHB Jonathon García 0-0: Called Strike
0-1: Called Strike
0-2: Ball
1-2: Ball
2-2: Foul Ball, location: 2F
2-2: Foul Ball, location: 2F
2-2: Strikes out swinging
Batting: RHB Justin Tomlinson 0-0: Fly out, F7 (Flyball, 78M)
Batting: RHB Britt Short 0-0: Ball
1-0: Called Strike
1-1: Called Strike
1-2: Ball
2-2: Ball
3-2: Base on Balls
Batting: RHB Gustavo Todd 0-0: Fly out, F6 (Line Drive, 6)
Top of the 4th over - 0 runs, 0 hits, 0 errors, 1 left on base; Athens 2 - Montgomery 2
BOTTOM OF THE 4TH
Montgomery Grey Sox batting - Pitching for Athens Assassins : RHP José López
Batting: SHB Rob Lowe 0-0: Ball
1-0: Called Strike
1-1: Foul Ball, location: 2F
1-2: Foul Ball, location: 2F
1-2: Ground out 4-3 (Groundball, 34)
Batting: SHB Cisco Oliva 0-0: Ball
1-0: Ball
2-0: Ball
3-0: Called Strike
3-1: SINGLE (Groundball, 6MD)
Batting: RHB Arturo Camacho 0-0: Ball
Cisco Oliva steals 2nd base
1-0: Foul Ball, location: 2F
1-1: Ball
2-1: Ball
3-1: Base on Balls
Batting: RHB Julius Farmer 0-0: Ball
1-0: Ball
2-0: Grounds into double play, 4-6-3 (Groundball, 4)
Bottom of the 4th over - 0 runs, 1 hit, 0 errors, 1 left on base; Athens 2 - Montgomery 2
TOP OF THE 5TH
Athens Assassins batting - Pitching for Montgomery Grey Sox : LHP Jared Steele
Batting: RHB Alfonso Flores 0-0: Foul Ball, location: 2F
0-1: Fly out, F7 (Flyball, 7)
Batting: RHB Júlio Castillo 0-0: Called Strike
0-1: Ball
1-1: SINGLE (Line Drive, 34)
Batting: RHB Jorge Loanos 0-0: Ball
1-0: Ball
2-0: Swinging Strike
2-1: Foul Ball, location: 2F
2-2: Foul Ball, location: 2F
2-2: Ground out 6-3 (Groundball, 6D)
Júlio Castillo to second
Batting: SHB Chris Barrett 0-0: Ground out 4-3 (Groundball, 4)
Top of the 5th over - 0 runs, 1 hit, 0 errors, 1 left on base; Athens 2 - Montgomery 2
BOTTOM OF THE 5TH
Montgomery Grey Sox batting - Pitching for Athens Assassins : RHP José López
Batting: RHB Randall James 0-0: Called Strike
0-1: Ball
1-1: Foul Ball, location: 2F
1-2: Ball
2-2: Ground out 2-3 (Groundball, 13S)
Batting: RHB Pedro Castro 0-0: DOUBLE (Flyball, 8LD)
Batting: LHB Aaron Thompson 0-0: Swinging Strike
0-1: Ball
1-1: Foul Ball, location: 2F
1-2: Ball
2-2: Strikes out swinging
Batting: RHB Bobby Hulsey 0-0: Foul Ball, location: 2F
0-1: Ground out 6-3 (Groundball, 6D)
Bottom of the 5th over - 0 runs, 1 hit, 0 errors, 1 left on base; Athens 2 - Montgomery 2
TOP OF THE 6TH
Athens Assassins batting - Pitching for Montgomery Grey Sox : LHP Jared Steele
Batting: RHB Maximino Abbado 0-0: Called Strike
0-1: Swinging Strike
0-2: Foul Ball, location: 2F
0-2: Ball
1-2: Ball
2-2: Foul Ball, location: 2F
2-2: Strikes out swinging
Batting: RHB Jonathon García 0-0: Ball
1-0: Foul Ball, location: 2F
1-1: Ball
2-1: Foul Ball, location: 2F
2-2: Fly out, F8 (Flyball, 8LXD)
Batting: RHB Justin Tomlinson 0-0: Called Strike
0-1: Ball
1-1: Ball
2-1: Ball
3-1: Ground out 6-3 (Groundball, 6)
Top of the 6th over - 0 runs, 0 hits, 0 errors, 0 left on base; Athens 2 - Montgomery 2
BOTTOM OF THE 6TH
Montgomery Grey Sox batting - Pitching for Athens Assassins : RHP José López
Batting: RHB Luis Pineda 0-0: Ground out 6-3 (Groundball, 6)
Batting: SHB Rob Lowe 0-0: Swinging Strike
0-1: Foul Ball, location: 2F
0-2: Ball
1-2: Ball
2-2: SINGLE (Line Drive, 9S)
Batting: SHB Cisco Oliva 0-0: Ball
1-0: Ball
2-0: Foul Ball, location: 2F
2-1: DOUBLE (Groundball, 5L)
Rob Lowe to third
Runner from 3rd tries for Home, SAFE, no throw
Batting: RHB Arturo Camacho 0-0: Ball
1-0: Called Strike
1-1: Called Strike
1-2: Ball
2-2: Ball
3-2: Strikes out looking
Batting: RHB Julius Farmer 0-0: Called Strike
0-1: SINGLE (Groundball, 6D)
Cisco Oliva to third
Runner from 3rd tries for Home, SAFE, no throw
Pitching: RHP Franklin Booth
Batting: RHB Randall James 0-0: Called Strike
0-1: Foul Ball, location: 2F
0-2: Ball
1-2: Foul Ball, location: 2F
1-2: Strikes out swinging
Bottom of the 6th over - 2 runs, 3 hits, 0 errors, 1 left on base; Athens 2 - Montgomery 4
TOP OF THE 7TH
Athens Assassins batting - Pitching for Montgomery Grey Sox : LHP Jared Steele
Batting: RHB Britt Short 0-0: Ball
1-0: Ground out 5-3 (Groundball, 56S)
Batting: RHB Gustavo Todd 0-0: Called Strike
0-1: Ball
1-1: Called Strike
1-2: Ball
2-2: Ball
3-2: Strikes out swinging
Batting: RHB Alfonso Flores 0-0: Called Strike
0-1: Fly out, F9 (Flyball, 89D)
Top of the 7th over - 0 runs, 0 hits, 0 errors, 0 left on base; Athens 2 - Montgomery 4
BOTTOM OF THE 7TH
Montgomery Grey Sox batting - Pitching for Athens Assassins : RHP Franklin Booth
Batting: RHB Pedro Castro 0-0: Ball
1-0: Called Strike
1-1: SINGLE (Line Drive, 78M)
Batting: LHB Aaron Thompson 0-0: Called Strike
0-1: Called Strike
0-2: Ball
1-2: Ball
2-2: Fly out, F6 (Popup, 5D)
Batting: RHB Bobby Hulsey 0-0: Foul Ball, location: 2F
0-1: Called Strike
0-2: Ball
1-2: Strikes out swinging
Batting: RHB Luis Pineda 0-0: Called Strike
0-1: Ball
1-1: Ball
2-1: Foul Ball, location: 2F
2-2: Foul Ball, location: 2F
2-2: Fielders Choice at 2nd, 5-4 (Groundball, 56)
Bottom of the 7th over - 0 runs, 1 hit, 0 errors, 1 left on base; Athens 2 - Montgomery 4
TOP OF THE 8TH
Athens Assassins batting - Pitching for Montgomery Grey Sox : LHP Jared Steele
Batting: RHB Júlio Castillo 0-0: Swinging Strike
0-1: Foul Ball, location: 2F
0-2: Ball
1-2: Ball
2-2: Strikes out swinging
Batting: RHB Jorge Loanos 0-0: Called Strike
0-1: Foul Ball, location: 2F
0-2: Ball
1-2: SINGLE (Line Drive, 56D)
Batting: SHB Chris Barrett 0-0: Foul Ball, location: 2F
0-1: Ball
1-1: Fly out, F8 (Line Drive, 8RD)
Batting: RHB Maximino Abbado 0-0: Called Strike
0-1: DOUBLE (Line Drive, 7LD)
Jorge Loanos to third
Batting: RHB Jonathon García 0-0: Called Strike
0-1: Foul Ball, location: 2F
0-2: Ground out U3 (Groundball, 34S)
Top of the 8th over - 0 runs, 2 hits, 0 errors, 2 left on base; Athens 2 - Montgomery 4
BOTTOM OF THE 8TH
Montgomery Grey Sox batting - Pitching for Athens Assassins : RHP Franklin Booth
Batting: SHB Rob Lowe 0-0: Foul Ball, location: 2F
0-1: Ground out 4-3 (Groundball, 4)
Batting: SHB Cisco Oliva 0-0: Ball
1-0: Called Strike
1-1: Ground out U3 (Groundball, 34)
Batting: RHB Arturo Camacho 0-0: Ball
1-0: Ball
2-0: Ground out 6-3 (Groundball, 6)
Bottom of the 8th over - 0 runs, 0 hits, 0 errors, 0 left on base; Athens 2 - Montgomery 4
TOP OF THE 9TH
Athens Assassins batting - Pitching for Montgomery Grey Sox : LHP Jared Steele
Pitching: RHP Shawn Jones
Batting: RHB Justin Tomlinson 0-0: Ball
1-0: Foul Ball, location: 2F
1-1: Foul Ball, location: 2F
1-2: SINGLE (Groundball, 6D)
Pinch Hitting: RHB Luis López 0-0: Ball
1-0: Ball
2-0: Foul Ball, location: 2F
2-1: Ball
3-1: Base on Balls
Justin Tomlinson to second
Batting: RHB Gustavo Todd 0-0: Bunted foul
0-1: Ball
1-1: Sac Bunt - play at first, batter OUT! U3
Justin Tomlinson to third
Luis López to second
Pinch Hitting: LHB Brian Turner 0-0: Ball
1-0: Called Strike
1-1: Foul Ball, location: 2F
1-2: Foul Ball, location: 2F
1-2: Ball
2-2: DOUBLE (Flyball, 78XD)
Justin Tomlinson scores
Luis López scores
Pinch Hitting: RHB Pat Johnston 0-0: Ball
1-0: Called Strike
1-1: Swinging Strike
1-2: Strikes out swinging
Batting: RHB Jorge Loanos 0-0: Called Strike
0-1: Ball
1-1: Ball
2-1: Ball
3-1: Base on Balls
Batting: SHB Chris Barrett 0-0: Fly out, F9 (Flyball, 89D)
Top of the 9th over - 2 runs, 2 hits, 0 errors, 2 left on base; Athens 4 - Montgomery 4
BOTTOM OF THE 9TH
Montgomery Grey Sox batting - Pitching for Athens Assassins : RHP Franklin Booth
Now at SS: Pat Johnston
Now in LF: William Ewing
Now in RF: Brian Turner
Pinch Hitting: SHB Roberto Franco 0-0: Foul Ball, location: 2F
0-1: Ball
1-1: Ball
2-1: Ground out 1-3 (Groundball, 15S)
Batting: RHB Randall James 0-0: Ball
1-0: Ball
2-0: Ball
3-0: Called Strike
3-1: Base on Balls
Batting: RHB Pedro Castro 0-0: Ball
1-0: Fly out, F7 (Flyball, 7LSF)
Batting: LHB Aaron Thompson 0-0: Swinging Strike
0-1: Swinging Strike
0-2: Ball
1-2: Fly out, F7 (Flyball, 7D)
Bottom of the 9th over - 0 runs, 0 hits, 0 errors, 1 left on base; Athens 4 - Montgomery 4
TOP OF THE 10TH
Athens Assassins batting - Pitching for Montgomery Grey Sox : RHP Shawn Jones
Pitching: LHP Michael Dyer
Now at 2B: António Nevárez
Batting: RHB Maximino Abbado 0-0: Foul Ball, location: 2F
0-1: Ball
1-1: Ball
2-1: Called Strike
2-2: Ball
3-2: Foul Ball, location: 2F
3-2: SINGLE (Flyball, 8RS)
Batting: RHB Jonathon García 0-0: Called Strike
0-1: Ball
1-1: Ball
Pickoff Throw by Catcher to First - Error! E2
Maximino Abbado to second
2-1: Foul Ball, location: 2F
2-2: Ball
3-2: Base on Balls
Batting: RHB Justin Tomlinson 0-0: Ball
1-0: Foul Ball, location: 2F
1-1: Ball
2-1: Foul Ball, location: 2F
2-2: Foul Ball, location: 2F
2-2: Grounds into double play, 6-4-3 (Groundball, 6)
Maximino Abbado to third
Pinch Hitting: RHB James Anderson 0-0: Ball
1-0: Called Strike
1-1: Ball
2-1: Foul Ball, location: 2F
2-2: DOUBLE (Groundball, 3L)
Maximino Abbado scores
Batting: RHB Gustavo Todd 0-0: Ball
1-0: Ball
2-0: Ball
3-0: Base on Balls
Batting: LHB Brian Turner 0-0: Foul Ball, location: 2F
0-1: Ball
1-1: Foul Ball, location: 2F
1-2: Ball
2-2: Ball
3-2: SINGLE (Groundball, 34D)
James Anderson to third
Gustavo Todd to second
James Anderson scores
Gustavo Todd to third
Batting: RHB Pat Johnston 0-0: Fly out, F8 (Flyball, 8LM)
Top of the 10th over - 2 runs, 3 hits, 1 error, 2 left on base; Athens 6 - Montgomery 4
BOTTOM OF THE 10TH
Montgomery Grey Sox batting - Pitching for Athens Assassins : RHP Franklin Booth
Pitching: RHP Corey Brown
Now in CF: Josh Bergman
Batting: RHB Bobby Hulsey 0-0: Ball
1-0: Called Strike
1-1: Swinging Strike
1-2: Foul Ball, location: 2F
1-2: Strikes out swinging
Batting: RHB Luis Pineda 0-0: Called Strike
0-1: Swinging Strike
0-2: Ball
1-2: Foul Ball, location: 2F
1-2: Ball
2-2: Strikes out swinging
Batting: SHB Rob Lowe 0-0: Foul Ball, location: 2F
0-1: Called Strike
0-2: Strikes out swinging
Bottom of the 10th over - 0 runs, 0 hits, 0 errors, 0 left on base; Athens 6 - Montgomery 4
Saturday, April 7th, 2018 - OOTP Baseball 18.8 Build 76